cohdb
Replays
Latest Replays
All Replays
Popular Replays
Top Player Replays
Match Explorer
How It Works
Community
CoH3 Stats
Reddit
Sign in to upload your games and track your stats! →
Sign in with Steam
Match 43147413
Unlisted
Match 43147413
Overview
Messages
Build Orders
End
Royal Engineer Section
Construct Section Command Post
Dingo Light Scout Car
Infantry Section
Grenade Package
Infantry Section
Construct Platoon Command Post
Selects Heavy Armor Battlegroup
Unlock M3 Stuart Light Tanks
Selects Rigorous Vehicle Training
Selects Forward Repair Assembly
M3 Stuart Light Tank
M3 Stuart Light Tank
Selects Light Vehicle Withdraw and Refit
Light Vehicle Withdraw and Refit
Unlock Bishop Self-propelled Artillery
Infantry Section
Bishop Self-propelled Artillery
Selects Radio Net
Bishop Self-propelled Artillery
Tok3n x Operator
TechT0nic
LichKing
Howi
0
0
Comments
sign in to comment!
No comments posted yet!